 Dungeon Crawl Stone Soup version 0.30-a0-918-g0ff054e9dc (webtiles) character file.

Game seed: 15669316111212279101

3647 porpoise the Soothsayer (level 9, 0/108 HPs)
             Began as a Demonspawn Wanderer on Mar 21, 2023.
             Was a Priest of Nemelex Xobeh.
             Slain by a manticore (7 damage)
             ... on level 8 of the Dungeon.
             The game lasted 00:40:09 (7861 turns).

porpoise the Soothsayer (Demonspawn Wanderer)       Turns: 7861, Time: 00:40:10

Health: 0/108      AC: 28    Str: 19    XL:     9   Next: 88%
Magic:  0/14       EV:  2    Int: 17    God:    Nemelex Xobeh [***...]
Gold:   309        SH:  3    Dex: 10    Spells: 12/14 levels left

rFire   . . .      SeeInvis +    a - +0 flail of the Lonely Spirits {drain, rC+ Int+3}
rCold   + . .      Faith    .    k - +0 buckler
rNeg    . . .      Spirit   +    c - melded +0 leather armour
rPois   +          Reflect  .    (helmet currently unavailable)
rElec   .          Rampage  .    L - melded +0 cloak
rCorr   .          NoTele   +    (gloves currently unavailable)
Will    .....                    J - melded +0 pair of boots
Stlth   +                        d - amulet of guardian spirit
HPRegen 0.38/turn                m - +4 ring of protection
MPRegen 0.28/turn                E - ring of see invisible

@: tree-form, studying Throwing
A: stationary, stasis, torment immunity, boosted hp, (horns 1), ignite blood 1,
magic regeneration
a: Renounce Religion, Draw Escape, Draw Destruction, Draw Summoning, Triple Draw


You were on level 8 of the Dungeon.
You worshipped Nemelex Xobeh.
Nemelex Xobeh was most pleased with you.
You were a tree.
You visited 2 branches of the dungeon, and saw 9 of its levels.

You collected 580 gold pieces.
You spent 271 gold pieces at shops.

Inventory:

Hand Weapons
 a - the +0 flail of the Lonely Spirits (weapon) {drain, rC+ Int+3}
   (You bought it in a shop on level 2 of the Dungeon)

   Int:       It affects your intelligence (+3).
   rC:        It protects you from cold.
 l - the +5 rapier of Fixation {freeze, Str+6}
   (You found it on level 3 of the Dungeon)

   Str:       It affects your strength (+6).
 t - a +1 war axe
 y - a +1 flail
 F - a +1 whip of electrocution
Missiles
 r - 4 javelins (quivered)
 B - 7 boomerangs
 M - a poisoned dart
Armour
 c - a +0 leather armour (melded)
 k - a +0 buckler (worn)
 J - a +0 pair of boots (melded)
 L - a +0 cloak (melded)
Jewellery
 d - an amulet of guardian spirit (around neck)
 m - a +4 ring of protection (left branch)
 u - an amulet of magic regeneration
 E - a ring of see invisible (right branch)
 G - a ring of resist corrosion
Wands
 o - a wand of quicksilver (4)
 s - a wand of flame (9)
 z - a wand of mindburst (18)
 K - a wand of polymorph (6)
Scrolls
 b - a scroll of blinking
 f - a scroll of teleportation
 g - 2 scrolls of enchant weapon
 h - a scroll of acquirement {unknown}
 j - 2 scrolls of vulnerability
 q - 2 scrolls of summoning
 v - 2 scrolls of poison {unknown}
 x - 5 scrolls of identify
 A - a scroll of immolation
 C - a scroll of noise
 H - a scroll of enchant armour {unknown}
 I - a scroll of amnesia {unknown}
Potions
 e - a potion of attraction
 i - a potion of curing
 n - 4 potions of brilliance
 p - 3 potions of haste
 D - a potion of cancellation


   Skills:
 - Level 7.0 Fighting
 - Level 2.6(5.4) Axes
 * Level 7.4(7.6) Maces & Flails
 - Level 5.0 Armour
 * Level 0.0 Shields
 - Level 3.0 Spellcasting
 - Level 2.7 Conjurations
 - Level 2.6 Fire Magic
 + Level 7.6 Invocations
 - Level 2.0 Evocations


You had 12 spell levels left.
You knew the following spells:

 Your Spells              Type           Power      Damage    Failure   Level
a - Sandblast             Erth           4%         2d4       24%         1
x - Foxfire               Conj/Fire      44%        2x1d6     8%          1

Your spell library contained the following spells:

 Spells                   Type           Power      Damage    Failure   Level
 Magic Dart               Conj           44%        1d5       8%          1
 Call Imp                 Summ           2%         N/A       34%         2
 Passwall                 Tmut/Erth      1%         N/A       34%         2
 Sublimation of Blood     Necr           2%         N/A       34%         2
 Wereblood                Tmut           2%         N/A       34%         2
 Stone Arrow              Conj/Erth      14%        3d7       38%         3
 Ignite Poison            Fire/Tmut/Pois 5%         N/A       45%         3
 Mephitic Cloud           Conj/Pois/Air  5%         N/A       45%         3
 Gell's Gravitas          Tloc           2%         N/A       56%         3
 Teleport Other           Tloc           2%         N/A       56%         3
 Dispersal                Tloc           1%         N/A       100%        6
 Summon Hydra             Summ           1%         N/A       100%        7


Dungeon Overview and Level Annotations

Branches:
Dungeon (8/15)             Temple (1/1) D:5
   Lair: D:8-11

Altars:
Ashenzari
Fedhas
Gozag
Hepliaklqana
Kikubaaqudgha
Nemelex Xobeh
Okawaru
Qazlal
Ru
Sif Muna
Trog
Uskayaw
Vehumet
Wu Jian
Yredelemnul

Shops:
D:2 ![((


Innate Abilities, Weirdness & Mutations

You are a tree.
Your roots penetrate the ground, keeping you stationary.
You cannot be teleported.
You are immune to unholy pain and torment.
Your maximum health is greatly increased.
Your equipment is partially melded.
((You have a pair of small horns on your head.))
Your demonic aura sometimes causes spilled blood to erupt in flames.
You regenerate magic rapidly.


Message History

The manticore is moderately wounded.
The manticore bites you!
* * * LOW HITPOINT WARNING * * *
The manticore claws you but does no damage.
The manticore claws you!
* * * LOW HITPOINT WARNING * * *
You feel better.
The manticore bites you but does no damage.
The manticore claws you but does no damage. x2
Okay, then.
Unknown command.
Aiming: Quicksilver Bolt
Press: ? - help, Shift-Dir - straight line, f - manticore
Aim: a manticore (moderately wounded, lightly drained, 83% to hit)
The bolt of dispelling energy misses the manticore.
The manticore bites you.
* * * LOW HITPOINT WARNING * * *
The manticore claws you but does no damage. x2
Casting: Foxfire (safe; 8% risk of failure)
Confirm with . or Enter, or press ? or * to list all spells.
Okay, then.
Aiming: Quicksilver Bolt
Press: ? - help, Shift-Dir - straight line, f/p - manticore
Aim: a manticore (moderately wounded, lightly drained, 83% to hit)
The bolt of dispelling energy misses the manticore.
The manticore bites you!
* * * LOW HITPOINT WARNING * * *
The manticore claws you but does no damage.
The manticore claws you.
* * * LOW HITPOINT WARNING * * *
Aiming: Quicksilver Bolt
Press: ? - help, Shift-Dir - straight line, f/p - manticore
Aim: a manticore (moderately wounded, lightly drained, 83% to hit)
The bolt of dispelling energy hits the manticore!
The manticore is severely wounded.
The manticore is engulfed in blazing flames.
The manticore bites you but does no damage.
The manticore claws you!
You die...
Your body disappears without a glow.

......# #.#### ......# #.#...
......## # #.#.## ###....# #.
#.#... ..#....# #.#### #.####
..#....# .... #.#..# ..#....#
#.###########.##.# ..#....#
#.......#.....#..# ..#....#
#♣#####.#.###.#.## ..#....#
.(....H.#.......#...#... ..#....#
########################
..#....### ################
..#......# #..........>....
..#......#########...............
###..............[...............
.................................
..................#########'#####


You could see a manticore (drained).

Vanquished Creatures
  Maurice (D:8)
  Prince Ribbit (D:7)
  Sigmund (D:2)
  A wyvern (D:8)
  Menkaure (D:7)
  Duvessa (D:7)
  5 water moccasins
  2 ice beasts (D:7)
  An orc warrior (D:8)
  4 sky beasts
  2 black bears
  2 ogres
  A phantom (D:5)
  2 scorpions
  A bullfrog (D:6)
  Dowan (D:7)
  2 jellies (D:6)
  3 hounds
  A gnoll bouda (D:6)
  An orc priest (D:4)
  2 sleepcaps
  Ijyb (D:4)
  3 iguanas
  4 orc wizards
  Robin (D:2)
  9 adders
  3 gnolls (D:6)
  2 shadow imps
  2 white imps (D:5)
  An ufetubus (D:5)
  4 dart slugs
  2 worms
  23 orcs
  4 ball pythons
  3 bats (D:1)
  6 endoplasms
  3 giant cockroaches
  7 goblins (D:2)
  7 hobgoblins
  5 jackals
  3 quokkas
  A frilled lizard (D:2)
  7 kobolds
  4 rats
141 creatures vanquished.

Vanquished Creatures (collateral kills)
  An adder (D:5)
1 creature vanquished.

Vanquished Creatures (others)
  6 foxfires
6 creatures vanquished.

Grand Total: 148 creatures vanquished

Notes
Turn   | Place    | Note
-------+----------+-------------------------------------------
     0 | D:1      | porpoise the Demonspawn Wanderer began the quest for the
                  | Orb.
     0 | D:1      | porpoise set off with the following items: a +1 war axe, a
                  | potion of invisibility, a +0 leather armour; and the
                  | following spell memorised: Foxfire; and the following
                  | spells available to memorise: Ignite Poison.
     0 | D:1      | Reached XP level 1. HP: 15/15 MP: 2/2
   223 | D:1      | Found a faded altar of an unknown god.
   296 | D:1      | Gained mutation: You have a pair of small horns on your
                  | head. [demonic ancestry]
   296 | D:1      | Reached XP level 2. HP: 22/22 MP: 3/3
   563 | D:2      | Reached XP level 3. HP: 29/29 MP: 4/4
   666 | D:2      | Found Suefedoh's Antique Weapon Shop.
   776 | D:2      | Found Zijud's Armour Boutique.
   889 | D:2      | Found Idweg's Antique Weapon Shoppe.
  1002 | D:2      | Noticed Robin
  1017 | D:2      | Killed Robin
  1018 | D:2      | Reached XP level 4. HP: 22/37 MP: 4/6
  1160 | D:2      | Noticed Sigmund
  1166 | D:2      | Killed Sigmund
  1167 | D:2      | Gained mutation: Your demonic aura sometimes causes spilled
                  | blood to erupt in flames. [demonic ancestry]
  1167 | D:2      | Reached XP level 5. HP: 37/43 MP: 6/9
  1245 | D:2      | Found Ryk Ceops's Distillery.
  1263 | D:2      | Bought a potion of curing for 33 gold pieces
  1508 | D:3      | Learned a level 1 spell: Sandblast
  1523 | D:3      | Identified the +5 rapier of Fixation {freeze, Str+6}
  1617 | D:3      | Reached skill level 5 in Fighting
  1617 | D:3      | Reached XP level 6. HP: 45/51 MP: 10/10
  1715 | D:3      | Reached skill level 1 in Conjurations
  1811 | D:3      | Found a faded altar of an unknown god.
  1816 | D:3      | Found an ancient bone altar of Kikubaaqudgha.
  2113 | D:3      | Found a sparkling altar of Nemelex Xobeh.
  2130 | D:3      | Found an ornate altar of the Wu Jian Council.
  2146 | D:3      | Became a worshipper of Nemelex Xobeh the Trickster
  2551 | D:4      | Reached skill level 1 in Invocations
  2757 | D:4      | Noticed Ijyb
  2779 | D:4      | Killed Ijyb
  2780 | D:4      | Reached XP level 7. HP: 20/57 MP: 2/11
  3153 | D:5      | Entered Level 5 of the Dungeon
  3265 | D:5      | Reached skill level 1 in Maces & Flails
  3318 | D:5      | Found a staircase to the Ecumenical Temple.
  3335 | Temple   | Entered the Ecumenical Temple
  3474 | D:5      | Reached * piety under Nemelex Xobeh
  3582 | D:2      | Bought a twisted flail for 238 gold pieces
  3582 | D:2      | Identified the +0 flail of the Lonely Spirits {drain, rC+
                  | Int+3} (You bought it in a shop on level 2 of the Dungeon)
  3970 | D:5      | Gained mutation: You regenerate magic rapidly. [demonic
                  | ancestry]
  3970 | D:5      | Reached XP level 8. HP: 46/65 MP: 8/12
  4405 | D:6      | Received a gift from Nemelex Xobeh
  4504 | D:6      | Found a hide-covered altar of Uskayaw.
  4504 | D:6      | Noticed a +0 falchion
  4505 | D:6      | Noticed a +0 dagger
  4511 | D:6      | Noticed a +0 spear
  4514 | D:6      | Noticed a +0 short sword
  4514 | D:6      | Noticed a +0 dagger
  4514 | D:6      | Noticed a +0 spear
  4515 | D:6      | Noticed a +0 falchion
  4515 | D:6      | Noticed a +0 short sword
  4545 | D:6      | Reached skill level 1 in Armour
  5140 | D:7      | Reached skill level 5 in Invocations
  5253 | D:7      | Reached skill level 5 in Maces & Flails
  5365 | D:7      | Found an iron altar of Okawaru.
  5377 | D:7      | Reached XP level 9. HP: 65/72 MP: 10/13
  5539 | D:7      | Noticed Menkaure
  5555 | D:7      | Killed Menkaure
  5705 | D:7      | Found a basalt altar of Yredelemnul.
  5974 | D:7      | Found a stormy altar of Qazlal.
  6005 | D:7      | Noticed Prince Ribbit
  6012 | D:7      | Killed Prince Ribbit
  6086 | D:7      | Reached ** piety under Nemelex Xobeh
  6117 | D:7      | Noticed Dowan
  6117 | D:7      | Noticed Duvessa
  6129 | D:7      | Killed Dowan
  6144 | D:7      | Killed Duvessa
  6909 | D:8      | Received a gift from Nemelex Xobeh
  7313 | D:8      | Noticed Maurice
  7318 | D:8      | Killed Maurice
  7319 | D:8      | Reached skill level 5 in Armour
  7528 | D:8      | Reached *** piety under Nemelex Xobeh
  7843 | D:8      | Noticed a manticore
  7861 | D:8      | Slain by a manticore

Illustrated notes

Levels and vault maps discovered:
D:1:      evilmike_arrival_fibonacci_small, layout_rooms,
          ebering_ecumenical_altar_rust
D:2:      layout_loops_cross, serial_shops, shop, shop_fountains, shop,
          nicolae_shop_stone, uniq_robin, uniq_sigmund
D:3:      layout_basic, nemelex_diamond_rough_becter,
          nicolae_overflow_ecumenical_swirl, mainiacjoe_overflow_tiny_flanked,
          serial_bayou_crossing
D:4:      layout_rooms, eino_small_chamber_without_monster, uniq_ijyb
D:5:      layout_rooms, minmay_temple_entry_purple_smoke, minmay_between
D:6:      layout_rooms, nicolae_uskayaw_en_pointe
D:7:      layout_loops_corners, kennysheep_ying_yang, okawaru_ov_weapons_minmay,
          grunt_qazlal_clouds, amcnicky_mini_pool_small, uniq_menkaure,
          uniq_duvessa, uniq_prince_ribbit1
D:8:      layout_gridville, wad_mini_maze, uniq_maurice
Temple:   eino_temple_lava

Skill      XL: |  1  2  3  4  5  6  7  8  9 |
---------------+----------------------------+-----
Fighting       | 2 3 4 5 6 7 |  7.0
Spellcasting   | 2 3 |  3.0
Conjurations   | 2 |  2.7
Invocations    | 2 3 5 7 |  7.6
Maces & Flails | 3 5 7 |  7.4
Armour         | 2 5 |  5.0
Axes           | |  2.6
Fire Magic     | |  2.6
Evocations     | |  2.0

Action                     |  1- 3 |  4- 6 |  7- 9 || total
---------------------------+-------+-------+-------++-------
  Melee: War axe           |    95 |    96 |       ||   191
         Headbutt          |     8 |    13 |    49 ||    70
         Flail             |       |       |   281 ||   281
         Whip              |       |       |     6 ||     6
  Throw: Dart              |       |     2 |     9 ||    11
         Javelin           |       |       |     9 ||     9
   Cast: Foxfire           |       |     1 |     3 ||     4
 Invoke: Draw Destruction  |       |       |     7 ||     7
         Draw Escape       |       |       |     2 ||     2
  Evoke: Wand              |       |       |     6 ||     6
    Use: Potion            |       |     3 |     4 ||     7
         Scroll            |       |       |    12 ||    12
   Stab: Invisible         |       |     1 |       ||     1
 Armour: Leather armour    |    19 |    15 |   135 ||   169
         Ring mail         |    16 |     5 |       ||    21
         Skin              |       |       |    12 ||    12
  Dodge: Dodged            |    64 |    38 |   158 ||   260
  Block: Buckler           |       |     9 |    33 ||    42

Table legend: (Time is in decaauts)
 A = Elapsed time spent in this place.
 B = Non-inter-level travel time spent in this place.
 C = Inter-level travel time spent in this place.
 D = Time resting spent in this place.
 E = Time spent auto-exploring this place.
 F = Levels seen in this place.
 G = Mean time per level.
                   A        B        C        D        E       F      G
               +--------+--------+--------+--------+--------+-----+--------+
         Total |   8000 |   7612 |    388 |   2276 |   3798 |   9 |  888.9 |
       Dungeon |   7926 |   7544 |    382 |   2276 |   3734 |   8 |  990.8 |
        Temple |     73 |     67 |      6 |      0 |     64 |   1 |   73.0 |
               +--------+--------+--------+--------+--------+-----+--------+

Top non-repeatable levels by time:
     D:7: 1450 daAuts
     D:8: 1303 daAuts
     D:6: 1118 daAuts
     D:3: 1042 daAuts
     D:2: 993 daAuts
     D:4: 837 daAuts
     D:5: 668 daAuts
     D:1: 513 daAuts
  Temple: 73 daAuts
